 Dungeon Crawl Stone Soup version 0.19-a0-27-g415f530 (webtiles) character file.

1588906 Ratboiler the Ghoulish Catapult (level 27, 257/257 (258) HPs)
             Began as a Ghoul Hunter on Apr 27, 2016.
             Was a High Priest of Okawaru.
             Escaped with the Orb
             ... and 3 runes on May 1, 2016!
             The game lasted 03:57:07 (80981 turns).

Ratboiler the Ghoulish Catapult (Ghoul Hunter)     Turns: 80981, Time: 03:57:07

HP:   257/257 (258) AC: 33    Str: 22 (23) XL:     27
MP:   38/38         EV: 28    Int: 10      God:    Okawaru [*****.]
Gold: 3203          SH: 25    Dex: 21      Spells: 2 memorised, 24 levels left

rFire  + . .     SeeInvis +     a - +7 greatsling of Gygiddud {velocity, rF+ rC+ Dex+3}
rCold  + . .     Gourm    .     J - +1 ring mail "Oraitif" {Slay+6 SInv}
rNeg   + + +     Faith    .     Q - +2 shield {AC+3}
rPois  ∞         Spirit   .     O - +2 hat {MR+}
rElec  +         Dismiss  .     R - +2 cloak {+Inv}
rCorr  +         Reflect  +     M - +2 pair of gloves {Str+3}
SustAt .         Harm     .     W - +2 pair of boots of Suzubif {+Blink rC- rCorr Int+4}
MR     ++++.                    N - brooch of Shielding {Reflect SH+8}
Stlth  ++........               L - ring "Zesidig" {rElec MR+ MP+9 Stlth+}
                                v - ring of Robustness {AC+8}

@: rotting, incredibly resistant to hostile enchantments, unstealthy
A: rotting body, claws 1, carnivore 3, cold resistance 1, negative energy
resistance 3, slow regeneration 1, torment resistance, unbreathing
a: Heroism, Finesse, Renounce Religion, Evoke Blink, Evoke Invisibility
0: Orb of Zot
}: 3/15 runes: decaying, silver, gossamer


You escaped.
You worshipped Okawaru.
Okawaru was extremely pleased with you.
You were not hungry.

You visited 9 branches of the dungeon, and saw 51 of its levels.
You also visited: Labyrinth and Trove.

You collected 6937 gold pieces.
You spent 3734 gold pieces at shops.

Inventory:

Hand Weapons
 a - the +7 greatsling of Gygiddud (weapon) {velocity, rF+ rC+ Dex+3}
   (You bought it in a shop on level 2 of the Orcish Mines)

   Any stone fired from it inflicts extra damage.
   It affects your dexterity (+3).
   It protects you from fire.
   It protects you from cold.
 b - the +9 whip of the Dungeon {elec, rF+++ MR+ Str-2 Stlth+}
   (You found it on level 12 of the Dungeon)

   Occasionally, upon striking a foe, it will discharge some electrical energy
   and cause terrible harm.
   It affects your strength (-2).
   It renders you almost immune to fire.
   It affects your resistance to hostile enchantments.
   It makes you more stealthy.
 K - the +10 hunting sling of Plunder {flame, +Blink Str+4 Int+6}
   (Okawaru gifted it to you on level 3 of the Elven Halls)

   It causes projectiles fired from it to burn those they strike, causing extra
   injury to most foes and up to half again as much damage against particularly
   susceptible opponents.
   It affects your strength (+4).
   It affects your intelligence (+6).
   It lets you blink.
Missiles
 g - 265 stones
 t - 446 sling bullets (quivered)
 G - 5 throwing nets
Armour
 J - the +1 ring mail "Oraitif" (worn) {Slay+6 SInv}
   (You found it on level 7 of the Dungeon)

   It affects your accuracy and damage with ranged weapons and melee attacks
   (+6).
   It lets you see invisible.
 M - a +2 pair of gloves of strength (worn)
 O - a +2 hat of magic resistance (worn)
 Q - a +2 shield of protection (worn)
 R - a +2 cloak of invisibility (worn)
 W - the +2 pair of boots of Suzubif (worn) {+Blink rC- rCorr Int+4}
   (Okawaru gifted it to you on level 3 of the Vaults)

   It affects your intelligence (+4).
   It makes you vulnerable to cold.
   It lets you blink.
   It protects you from acid and corrosion.
 X - the cursed +1 fire dragon armour of Fusaatyi {rF++ rC- Str+3}
   (You took it off a tengu warrior on level 2 of the Depths)

   It affects your strength (+3).
   It greatly protects you from fire.
   It makes you vulnerable to cold.
   It has a curse placed upon it.
Rods
 l - a +1 rod of clouds (9/9)
   (You bought it in a shop on level 14 of the Dungeon)
 z - a +4 lightning rod (13/13)
   (You took it off a deep elf death mage on level 3 of the Elven Halls)
 C - a +8 lightning rod (9/9)
   (You took it off a deep elf annihilator on level 3 of the Elven Halls)
Jewellery
 v - the ring of Robustness (left hand) {AC+8}
   (You took it off a fire giant on level 3 of the Depths)

   [ring of protection]

   It affects your AC (+8).
 B - the ring "Tocelar" {rN++ Slay+3}
   (You took it off a yaktaur on level 5 of the Vaults)

   [ring of slaying]

   It affects your accuracy and damage with ranged weapons and melee attacks
   (+3).
   It greatly protects you from negative energy.
 L - the ring "Zesidig" (right hand) {rElec MR+ MP+9 Stlth+}
   (You found it on level 3 of the Vaults)

   [ring of protection from magic]

   It insulates you from electricity.
   It affects your resistance to hostile enchantments.
   It affects your magic capacity (+9).
   It makes you more stealthy.
 N - the brooch of Shielding (around neck) {Reflect SH+8}
   (You took it off a fire giant on level 2 of the Depths)

   [amulet of reflection]

   It shields you and reflects attacks.
   It affects your SH (+8).
Wands
 p - a wand of teleportation (5/9)
 q - a wand of heal wounds (7/9)
 u - a wand of hasting (5/9)
 I - a wand of disintegration (7/24)
 S - a wand of digging (1/24)
Scrolls
 c - 8 scrolls of enchant weapon
 e - 19 scrolls of remove curse
 o - 5 scrolls of identify
 r - 15 scrolls of teleportation
 s - 21 scrolls of fog
 x - a scroll of silence
 y - 9 scrolls of blinking
 A - 10 scrolls of recharging
 P - 3 scrolls of fear
Potions
 d - 2 potions of heal wounds
 h - 3 potions of resistance
 n - 14 potions of curing
 w - a potion of agility
 D - 8 potions of ambrosia
 E - 3 potions of invisibility
 F - 5 potions of cancellation
 H - a potion of haste
 V - 4 potions of might
Books
 k - a book of Battle

   Spells                             Type                      Level
   a - Infusion                       Charms                       1
   b - Shroud of Golubria             Charms/Translocation         2
   c - Song of Slaying                Charms                       2
   d - Spectral Weapon                Hexes/Charms                 3
   e - Regeneration                   Charms/Necromancy            3
Miscellaneous
 j - a fan of gales
 U - a lamp of fire (inert)
 Z - a phial of floods
Comestibles
 f - 26 meat rations
 i - 2 slices of pizza
 T - 9 beef jerkies


   Skills:
 + Level 23.2 Fighting
 O Level 27 Slings
 - Level 13.8 Armour
 + Level 18.3 Dodging
 - Level 8.3 Stealth
 - Level 15.1 Shields
 - Level 9.6 Invocations
 - Level 10.0 Evocations


You had 24 spell levels left.
You knew the following spells:

 Your Spells              Type           Power        Failure   Level  Hunger
a - Animate Skeleton      Necr           N/A          56%         1    ##.....
b - Apportation           Tloc           #.........   56%         1    ##.....


Dungeon Overview and Level Annotations

Branches:
Dungeon (15/15)            Temple (0/1) D:7            Lair (8/8) D:10
  Swamp (4/4) Lair:4       Spider (4/4) Lair:4        Slime (0/6) Lair:7
    Orc (2/2) D:9             Elf (3/3) Orc:2        Vaults (5/5) D:14
  Crypt (0/3) Vaults:3     Depths (5/5) D:15            Zot (5/5) Depths:5

Altars:
Ashenzari
Dithmenos
Fedhas
Gozag
Kikubaaqudgha
Makhleb
Okawaru
Qazlal
Trog
Yredelemnul
Zin
The Shining One
Jiyva

Shops:
D:14 [}*   Orc:2 (?:!   Vaults:1 ?   Vaults:2 ::   Vaults:3 %   Vaults:4 *
Vaults:5 [   Depths:4 !

Portals:
Hell: Depths:3 Depths:4 Depths:5
Pandemonium: Orc:2 Depths:1 Depths:3 Depths:4
Ziggurat: Depths:1

Annotations:
D:3 Mefis's ghost, amateur DEWz
D:5 Edmund
D:7 Joseph
D:15 4 runed doors
Lair:5 exclusion: oklob plant
Lair:7 stickyfingers's ghost, journeyman NaSk
Swamp:3 Aizul
Swamp:4 Jorgrun
Elf:2 3 runed doors
Depths:1 exclusions: door and eye of draining
Depths:2 1 runed door, exclusion: upstairs


Innate Abilities, Weirdness & Mutations

Your body is rotting away.
You thrive on raw meat.
You are immune to poison.
You have sharp fingernails.
You are carnivorous and can eat meat at any time.
Your flesh is cold resistant.
You are immune to negative energy.
You regenerate slowly when monsters are visible.
You are immune to unholy pain and torment.
You can survive without breathing.


Message History

(N) Spider Nest (M) Slime Pits (O) Orcish Mines (E) Elven Halls (V) Vaults (C) Crypt (U) Depths (H) Hell (Z) Zot
Where to? (Enter - D:1 @ (x,y), ? - help)
A rat comes into view.
Firing (i - inventory. (,) - cycle):
t - 447 sling bullets (quivered)
Press: ? - help, Shift-Dir - straight line, f - rat
Aim: a rat (hasn't noticed you)
You shoot a sling bullet. The sling bullet hits the rat!!!
You kill the rat!
No target in view!
No target in view!
(D) Dungeon (T) Temple (L) Lair (S) Swamp (N) Spider Nest (M) Slime Pits (O) Orcish Mines (E) Elven Halls (V) Vaults (C) Crypt (U) Depths (H) Hell (Z) Zot
Where to? (Enter - D:1 @ (x,y), ? - help)
There is a large open door here.
There is a staircase leading out of the dungeon here.
You have escaped!

#.####.....# #.##.#
..#......### #.##.#
..#.####.# .#
..#.####.####### #
............♣.. ..
.##.####)###♣.#
###.###
.##.####)###♣.#####
.......####
.##.........♣.'...#
#..÷).
.#######.###♣.'.@.#
###### .#
#...##♣.##### ##
#...#...## #...#.♣..♣
#.).#.#### #
#######...#.#####.##.
.....................
..(....(.......##.##
.....((.(......#


There were no monsters in sight!

Vanquished Creatures
  4 ancient liches (Zot:5)
  2 orbs of fire (Zot:5)
  2 curse toes
  4 Killer Klowns
  7 golden dragons
  4 electric golems
  17 tentacled monstrosities
  3 liches
  2 deep elf blademasters (Elf:3)
  22 Orb Guardians
  A deep elf master archer (Elf:3)
  5 titans
  4 sphinxes
  12 storm dragons
  11 shadow dragons
  7 death cobs
  Kirke (Swamp:1)
  A thorn hunter (Swamp:4)
  11 tengu reavers
  12 draconian monks
  A fire giant (shapeshifter) (Vaults:5)
  Wiglaf (Vaults:2)
  Roxanne (Spider:4)
  13 fire giants
  Maud (Lair:2)
  5 deep elf sorcerers
  17 vault wardens
  14 frost giants
  7 emperor scorpions
  An iron dragon (Depths:2)
  7 orc warlords
  2 draconian knights
  4 ghost moths
  11 draconian shifters
  2 draconian scorchers
  17 ironheart preservers
  3 deep elf elementalists (Elf:3)
  2 draconian zealots
  A caustic shrike zombie (Depths:4)
  2 spriggan defenders (Depths:3)
  7 draconian annihilators
  23 stone giants
  3 war gargoyles
  3 reapers
  15 very ugly things
  7 green draconians
  4 draconian callers
  2 vampire knights
  Nessos (Lair:7)
  6 salamander stormcallers
  8 deep elf demonologists
  7 spark wasps (Depths:2)
  4 black draconians
  15 purple draconians
  8 yellow draconians
  13 mottled draconians
  12 deep elf annihilators
  10 white draconians
  A crystal guardian (Vaults:2)
  8 ettins
  9 red draconians
  A blizzard demon (Depths:4)
  9 deep elf death magi
  A green death (Zot:3)
  A minotaur (Lab)
  Snorg (Lair:3)
  34 vault guards
  16 yaktaur captains
  9 great orbs of eyes
  8 entropy weavers
  23 fire dragons
  Fannar (Orc:1)
  11 deep elf high priests
  Harold (Lair:3)
  19 hydras
  4 rakshasas
  A ghost crab (shapeshifter) (Vaults:3)
  13 ice dragons
  A monstrous demonspawn (Depths:3)
  3 spriggan air magi
  The ghost of Mefis the Thaumaturge, a journeyman DEWz of Sif Muna (Lair:3)
  2 ghost crabs (Swamp:2)
  18 ogre magi
  10 centaur warriors
  13 deep troll shamans
  12 dancing weapons
  9 deep troll earth magi
  7 death yaks
  7 orc high priests
  2 vampire magi (Depths:2)
  3 hell hogs (D:3)
  4 tengu warriors
  12 hell knights
  2 soul eaters
  6 alligators
  Urug (Lair:3)
  4 spriggan berserkers
  2 sun demons
  16 deep elf knights
  A fire crab (Vaults:2)
  4 iron trolls
  A storm dragon zombie (Depths:4)
  A shadow wraith (Vaults:1)
  A titan skeleton (Depths:4)
  16 skeletal warriors
  A salamander mystic (D:15)
  A small abomination (Elf:3)
  2 unseen horrors (Vaults:1)
  An unseen horror (shapeshifter) (Vaults:2)
  An infernal demonspawn (Orc:2)
  A gelid demonspawn (Depths:3)
  35 deep trolls
  3 giant orange brains
  4 flayed ghosts
  2 spark wasp zombies (Depths:4)
  12 deep elf archers
  5 ironbrand convokers
  2 torturous demonspawn (Orc:2)
  8 swamp dragons
  5 harpies (Vaults:2)
  A putrid demonspawn (Orc:2)
  17 hill giants
  18 orc knights
  74 deep elf magi
  7 necromancers
  63 ugly things
  2 wolf spider zombies (D:14)
  44 wolf spiders
  3 sixfirhies
  7 wizards
  16 orc sorcerers
  3 salamanders (D:15)
  22 orb spiders
  8 griffons
  18 cyclopes
  13 hornets
  A large abomination (Elf:1)
  27 slime creatures
  A frost giant zombie (Depths:4)
  25 elephants
  31 moths of wrath
  5 black mambas
  3 rust devils
  18 vault sentinels
  An octopode (shapeshifter) (Depths:2)
  2 centaur zombies (D:13)
  An eye of devastation (shapeshifter) (D:15)
  A smoke demon (Orc:2)
  A gargoyle (D:14)
  3 torpor snails
  21 spiny frogs
  2 rime drakes (shapeshifter)
  9 komodo dragons
  An ice devil (Orc:2)
  4 freezing wraiths
  38 yaktaurs
  3 tengu conjurers (Depths:1)
  A tormentor (D:2)
  A komodo dragon (shapeshifter) (D:14)
  31 demonic crawlers
  3 hellwings
  A queen bee (Depths:2)
  8 polar bears (Lair:8)
  4 spriggan druids
  A troll (shapeshifter) (Vaults:1)
  3 red devils
  A jumping spider (shapeshifter) (Depths:2)
  49 jumping spiders
  2 giant leeches
  24 two-headed ogres
  4 trolls
  2 two-headed ogres (shapeshifter)
  9 bog bodies
  5 boulder beetles
  A human simulacrum (Vaults:1)
  11 blink frogs
  A fire giant simulacrum (Vaults:2)
  4 shadows
  98 redbacks
  3 spriggans (shapeshifter)
  A tarantella (shapeshifter) (Vaults:4)
  13 water elementals
  29 tarantellas
  3 wyverns
  47 yaks
  2 ynoxinuls
  5 hogs (Swamp:1)
  A vampire (D:12)
  5 air elementals
  17 spriggans
  A human (shapeshifter) (Vaults:3)
  2 fire bats (shapeshifter)
  Eustachio (D:5)
  4 fire elementals
  3 basilisks
  A steam dragon (D:10)
  A yaktaur simulacrum (Vaults:1)
  A chaos spawn (Depths:1)
  A hungry ghost (D:10)
  A neqoxec (Zot:4)
  8 hippogriffs
  2 mottled dragons
  23 vampire mosquitoes
  17 swamp worms
  13 wargs
  18 insubstantial wisps
  Duvessa (D:6)
  A hell hound (shapeshifter) (Vaults:4)
  11 water moccasins
  A giant eyeball (Depths:2)
  An ice beast (D:10)
  47 orc warriors
  12 porcupines
  11 swamp drakes
  2 necrophages (D:10)
  5 sky beasts
  10 black bears
  3 phantoms
  4 eyes of draining
  59 ogres
  24 wolves (Lair:8)
  10 wasps
  5 boggarts (Vaults:1)
  20 centaurs
  18 crocodiles
  3 elf zombies
  2 big kobolds
  A wyvern zombie (D:7)
  26 giant frogs
  Dowan (D:6)
  3 earth elementals
  A gnoll sergeant (Orc:1)
  6 scorpions
  21 killer bees
  7 wights
  7 electric eels
  3 howler monkeys
  5 crimson imps
  2 giant frog zombies
  2 quasits (Depths:1)
  4 lava snakes (Lab)
  2 giant frog skeletons
  4 jellies
  31 orc priests
  12 hounds
  2 gnoll shamans
  7 centaur skeletons
  3 iron imps (Depths:1)
  11 iguanas
  21 orc wizards
  9 worker ants
  Natasha (thrice) (D:4)
  A hell rat (shapeshifter) (Depths:4)
  A boulder beetle simulacrum (Vaults:1)
  28 sheep
  2 hound zombies
  3 mummies
  2 hound skeletons
  A worker ant zombie (D:5)
  A howler monkey zombie (D:7)
  17 gnolls
  30 river rats
  13 adders
  4 shadow imps
  2 white imps
  An ufetubus (Depths:1)
  An ooze (D:4)
  An adder zombie (D:6)
  An adder skeleton (D:10)
  A worm (D:4)
  A ball lightning (Vaults:4)
  4 giant geckos
  104 orcs
  A bat zombie (D:3)
  4 giant cockroaches
  3 goblins
  8 hobgoblins
  14 jackals
  6 quokkas
  A ball python (D:4)
  A ball python (shapeshifter) (Vaults:2)
  10 bats
  A giant gecko skeleton (D:6)
  5 giant newts
  16 kobolds
  A quokka skeleton (D:8)
  A quokka zombie (D:9)
  9 rats
  A rat zombie (D:3)
  6 crawling corpses (Elf:3)
  A plant (D:10)
2558 creatures vanquished.

Vanquished Creatures (others)
  A tengu reaver (Vaults:4)
  A draconian scorcher (Zot:3)
  A deep elf elementalist (Elf:3)
  A stone giant (Depths:4)
  An ettin (Vaults:4)
  5 yaktaur captains
  A centaur warrior (Depths:4)
  2 deep elf magi
  A hornet (Vaults:5)
  3 cyclopes (Depths:3)
  An elephant (Lair:8)
  A moth of wrath (Zot:5)
  6 yaktaurs
  A centaur (Depths:4)
  A killer bee (Depths:2)
  16 fungi
  10 plants
  14 toadstools (Lair:5)
  3 withered plants (D:13)
70 creatures vanquished.

Grand Total: 2628 creatures vanquished

Notes
Turn   | Place    | Note
--------------------------------------------------------------
     0 | D:1      | Ratboiler the Ghoul Hunter began the quest for the Orb.
     0 | D:1      | Reached XP level 1. HP: 17/17 MP: 0/0
   211 | D:1      | Reached skill level 4 in Slings
   211 | D:1      | Reached XP level 2. HP: 17/24 MP: 1/1
   677 | D:2      | Reached XP level 3. HP: 18/29 MP: 2/2
   891 | D:1      | Reached skill level 5 in Slings
   891 | D:1      | Reached XP level 4. HP: 34/36 MP: 3/3
  1812 | D:2      | Found a glowing golden altar of the Shining One.
  1938 | D:2      | Found a blossoming altar of Fedhas.
  1945 | D:2      | Found a burning altar of Makhleb.
  1947 | D:2      | Found an opulent altar of Gozag.
  2030 | D:3      | Noticed Mefis's ghost (amateur DEWz)
  2458 | D:3      | Reached XP level 5. HP: 41/41 MP: 4/4
  2469 | D:3      | Found an ancient bone altar of Kikubaaqudgha.
  3032 | D:4      | Got a garnet-encrusted ring mail
  3043 | D:4      | Identified the +5 ring mail of Weirdness {*Contam rC- Regen+ Str+8} (You found it on level 4 of the Dungeon)
  3180 | D:4      | Noticed Natasha
  3188 | D:4      | Killed Natasha
  3356 | D:4      | Found a shadowy altar of Dithmenos.
  3364 | D:4      | Reached skill level 6 in Slings
  3365 | D:4      | Found a bloodstained altar of Trog.
  3366 | D:4      | Found a shattered altar of Ashenzari.
  3409 | D:4      | Noticed Natasha
  3416 | D:4      | Killed Natasha
  3455 | D:4      | Reached XP level 6. HP: 47/48 MP: 5/5
  3711 | D:4      | Noticed Natasha
  3716 | D:4      | Killed Natasha
  3914 | D:5      | Entered Level 5 of the Dungeon
  3914 | D:5      | Noticed Eustachio
  3949 | D:5      | Reached skill level 7 in Slings
  4114 | D:5      | Found an iron altar of Okawaru.
  4121 | D:5      | Became a worshipper of Warmaster Okawaru
  4271 | D:5      | Reached XP level 7. HP: 55/55 MP: 6/6
  4330 | D:5      | Reached skill level 8 in Slings
  4527 | D:5      | Killed Eustachio
  4527 | D:5      | Reached XP level 8. HP: 51/60 MP: 7/7
  4680 | D:5      | Reached skill level 9 in Slings
  4754 | D:5      | Noticed Edmund
  5261 | D:6      | Reached * piety under Okawaru
  5570 | D:6      | Reached skill level 10 in Slings
  5978 | D:6      | Noticed Duvessa
  5980 | D:6      | Noticed Dowan
  5994 | D:6      | Killed Duvessa
  5994 | D:6      | Reached ** piety under Okawaru
  5994 | D:6      | Reached XP level 9. HP: 60/67 MP: 8/8
  6003 | D:6      | Killed Dowan
  6501 | D:7      | Reached skill level 11 in Slings
  6883 | D:7      | Got a transparent ring mail
  7083 | D:7      | Noticed Joseph
  7497 | D:7      | Found a staircase to the Ecumenical Temple.
  7611 | D:7      | Reached skill level 12 in Slings
  7822 | D:7      | Noticed Joseph
  7822 | D:7      | Joseph changed into Joseph the black mamba
  8176 | D:8      | Reached *** piety under Okawaru
  8275 | D:8      | Received a gift from Okawaru
  8495 | D:8      | Reached XP level 10. HP: 66/73 MP: 9/9
  8838 | D:9      | Reached skill level 13 in Slings
  8903 | D:9      | Received a gift from Okawaru
  9092 | D:9      | Found a staircase to the Orcish Mines.
  9264 | D:9      | Reached **** piety under Okawaru
 10164 | D:9      | Reached skill level 14 in Slings
 10179 | D:9      | Received a gift from Okawaru
 10303 | D:10     | Entered Level 10 of the Dungeon
 10357 | D:10     | Identified the +1 ring mail "Oraitif" {Slay+6 SInv} (You found it on level 7 of the Dungeon)
 10493 | D:10     | Reached ***** piety under Okawaru
 10552 | D:10     | Reached XP level 11. HP: 79/79 MP: 10/10
 10903 | D:10     | Reached skill level 15 in Slings
 11078 | D:10     | Noticed a hill giant
 11085 | D:10     | Killed a hill giant
 11150 | D:10     | Noticed a hill giant
 11250 | D:10     | Found a staircase to the Lair.
 11599 | D:10     | Noticed a hill giant
 11627 | D:10     | Killed a hill giant
 11776 | D:10     | Received a gift from Okawaru
 11834 | D:10     | Upgraded the game from 0.19-a0 to 0.19-a0-4-ga5c5ac4
 11835 | Lair:1   | Entered Level 1 of the Lair of Beasts
 12227 | Lair:1   | Received a gift from Okawaru
 12764 | Lair:2   | Reached skill level 16 in Slings
 13782 | Lair:3   | Noticed Maud
 13784 | Lair:3   | Noticed Snorg
 13832 | Lair:3   | Noticed Harold
 14217 | Lair:4   | Reached XP level 12. HP: 81/85 MP: 11/11
 14326 | Lair:4   | Identified a scroll of acquirement
 14365 | Lair:4   | Found a hole to the Spider Nest.
 14615 | Lair:4   | Got a twisted spear
 14616 | Lair:4   | Identified the +0 spear of Disharmony {freeze, rF- rN+ Str+3} (You found it on level 4 of the Lair of Beasts)
 14714 | Lair:4   | Found a staircase to the Swamp.
 14717 | Lair:4   | Noticed a seven-headed hydra
 14744 | Lair:4   | Killed a seven-headed hydra
 14888 | Lair:4   | Reached skill level 17 in Slings
 15078 | Lair:3   | Found a glowing silver altar of Zin.
 15078 | Lair:3   | Noticed Urug
 15404 | Lair:5   | Reached ****** piety under Okawaru
 15614 | Lair:5   | Received a gift from Okawaru
 15740 | Lair:5   | Got an ichor-stained scale mail
 15741 | Lair:5   | Identified the cursed +1 scale mail of Untruth {Dex+8} (You found it on level 5 of the Lair of Beasts)
 15795 | Lair:5   | Found a blossoming altar of Fedhas.
 16252 | Lair:5   | Received a gift from Okawaru
 16253 | Lair:5   | Got a translucent greatsling {god gift}
 16254 | Lair:5   | Identified the +2 greatsling of Oboog {velocity, rF+ Int+4} (Okawaru gifted it to you on level 5 of the Lair of Beasts)
 16493 | Lair:6   | Found a stormy altar of Qazlal.
 16741 | Lair:6   | Reached skill level 18 in Slings
 17185 | Lair:6   | Received a gift from Okawaru
 17224 | Lair:6   | Reached XP level 13. HP: 91/91 MP: 12/12
 17799 | Lair:7   | Noticed Nessos
 17808 | Lair:7   | Killed Nessos
 17922 | Lair:7   | Reached skill level 19 in Slings
 18040 | Lair:7   | Noticed stickyfingers's ghost (journeyman NaSk)
 18095 | Lair:8   | Entered Level 8 of the Lair of Beasts
 18137 | Lair:8   | Received a gift from Okawaru
 19340 | Lair:8   | Reached skill level 20 in Slings
 19400 | Lair:8   | Reached skill level 1 in Armour
 19439 | Lair:8   | Reached XP level 14. HP: 100/100 MP: 13/13
 19492 | Lair:8   | Received a gift from Okawaru
 19823 | Lair:8   | Received a gift from Okawaru
 19827 | Lair:8   | Got a pitted cloak {god gift}
 19838 | Lair:8   | Identified the +2 cloak of Bowarghos {rElec MR- rCorr Int+3} (Okawaru gifted it to you on level 8 of the Lair of Beasts)
 20258 | Lair:8   | Reached skill level 5 in Armour
 20274 | Lair:8   | Reached skill level 5 in Fighting
 20702 | Lair:7   | Found a staircase to the Slime Pits.
 20702 | Lair:7   | Found a viscous altar of Jiyva.
 22746 | D:12     | Got a translucent whip
 22747 | D:12     | Identified the +9 whip of the Dungeon {elec, rF+++ MR+ Str-2 Stlth+} (You found it on level 12 of the Dungeon)
 23482 | D:13     | Noticed a ghoul
 23561 | D:13     | Noticed a ghoul
 23584 | D:13     | Received a gift from Okawaru
 23946 | Lair:2   | Killed Maud
 24312 | Lair:3   | Noticed Mefis's ghost (journeyman DEWz)
 24324 | Lair:3   | Killed Mefis's ghost
 24408 | Lair:3   | Reached XP level 15. HP: 115/115 MP: 14/14
 24422 | Lair:3   | Killed Urug
 24504 | Lair:3   | Killed Harold
 24537 | Lair:3   | Killed Snorg
 25015 | Swamp:1  | Entered Level 1 of the Swamp
 25736 | Swamp:1  | Noticed Kirke
 25889 | Swamp:1  | Killed Kirke
 26649 | Swamp:2  | Reached skill level 10 in Armour
 27662 | Swamp:2  | Received a gift from Okawaru
 28002 | Swamp:3  | Noticed Aizul
 28038 | Swamp:4  | Entered Level 4 of the Swamp
 28491 | Spider:1 | Entered Level 1 of the Spider Nest
 28492 | Spider:1 | Upgraded the game from 0.19-a0-4-ga5c5ac4 to 0.19-a0-14-gde87d98
 28513 | Spider:1 | Received a gift from Okawaru
 29241 | Spider:1 | Reached skill level 10 in Fighting
 29345 | Spider:1 | Reached skill level 5 in Dodging
 29490 | Spider:2 | Received a gift from Okawaru
 29494 | Spider:2 | Reached XP level 16. HP: 86/134 MP: 15/15
 30244 | Spider:2 | Received a gift from Okawaru
 31315 | Spider:1 | Received a gift from Okawaru
 31716 | Spider:2 | Received a gift from Okawaru
 32209 | Spider:2 | Received a gift from Okawaru
 33379 | Spider:3 | Reached skill level 10 in Dodging
 34413 | Spider:4 | Entered Level 4 of the Spider Nest
 34457 | Spider:4 | Reached skill level 1 in Invocations
 35377 | Spider:3 | Received a gift from Okawaru
 35590 | Spider:3 | Reached XP level 17. HP: 136/140 MP: 19/19
 35634 | Spider:3 | Reached skill level 5 in Stealth
 35967 | Spider:4 | Noticed Roxanne
 36418 | Spider:4 | Reached skill level 5 in Invocations
 36579 | Spider:4 | HP: 6/140 [demonic crawler (10)]
 38026 | Spider:4 | Reached skill level 1 in Evocations
 38422 | Spider:4 | Killed Roxanne
 38426 | Spider:4 | Identified Roxanne's Handbook of Changing (You took it off Roxanne on level 4 of the Spider Nest)
 38843 | Spider:4 | Got a gossamer rune of Zot
 39114 | Swamp:1  | Received a gift from Okawaru
 39728 | Swamp:3  | Received a gift from Okawaru
 39732 | Swamp:3  | Got a bloodstained triple sword {god gift}
 39733 | Swamp:3  | Identified the +5 triple sword of the Manifold Wonders {freeze, +Blink} (Okawaru gifted it to you on level 3 of the Swamp)
 40201 | Swamp:4  | Reached skill level 5 in Evocations
 40385 | Swamp:4  | Reached XP level 18. HP: 143/147 MP: 24/24
 40681 | Swamp:4  | Got a decaying rune of Zot
 40757 | Swamp:4  | Received a gift from Okawaru
 40769 | Swamp:4  | Noticed Jorgrun
 41213 | Orc:1    | Entered Level 1 of the Orcish Mines
 41489 | Orc:1    | Noticed Fannar
 41497 | Orc:1    | Killed Fannar
 41497 | Orc:1    | Received a gift from Okawaru
 41701 | Orc:1    | Received a gift from Okawaru
 42384 | Orc:2    | Entered Level 2 of the Orcish Mines
 42469 | Orc:2    | Found a labyrinth entrance.
 42478 | Lab      | Entered a labyrinth
 42832 | Lab      | Got a scintillating golden ring
 42886 | Lab      | Identified the ring "Raddakle" {rElec Dex+4 SInv} (You found it in a labyrinth)
 42984 | Lab      | Identified the Almanac of Bewitching Evil
 42984 | Lab      | Identified Sif Muna's Second Course in Rites and Rhymes
 42989 | Lab      | Got a polished cloak
 42990 | Lab      | Identified the +1 cloak "Xonas" {+Fly Regen+ MP-9} (You found it in a labyrinth)
 43885 | Orc:2    | Reached skill level 10 in Evocations
 43990 | Orc:2    | Found a staircase to the Elven Halls.
 44206 | Orc:2    | Found Veuts's Distillery.
 44212 | Orc:2    | Found Tuad's Magic Scroll Shop.
 44505 | Orc:2    | Received a gift from Okawaru
 44809 | Orc:2    | Found Ninerhuiz's Book Shoppe.
 44809 | Orc:2    | Found Zityfill's Antique Weapon Emporium.
 44809 | Orc:2    | Found a one-way gate leading to the halls of Pandemonium.
 44814 | Orc:2    | Bought a fine greatsling for 500 gold pieces
 44818 | Orc:2    | Identified the +7 greatsling of Gygiddud {velocity, rF+ rC+ Dex+3} (You bought it in a shop on level 2 of the Orcish Mines)
 45327 | D:14     | Found an opulent altar of Gozag.
 45662 | D:14     | Found Paxof's Gadget Emporium.
 45668 | D:14     | Bought a wand of hasting (3/9) for 504 gold pieces
 45668 | D:14     | Bought a +1 rod of clouds (9/9) for 900 gold pieces
 45761 | D:14     | Reached skill level 1 in Shields
 45771 | D:14     | Found Viwuivecs's Antique Armour Shoppe.
 46280 | D:14     | Found Uttem's Antique Weapon Shoppe.
 46349 | D:14     | Found Nucs's Assorted Antiques.
 46356 | D:14     | Bought a tapered glass wand for 112 gold pieces
 46390 | D:14     | Reached XP level 19. HP: 156/156 MP: 25/25
 46429 | D:14     | Found a gate to the Vaults.
 46594 | D:15     | Entered Level 15 of the Dungeon
 46702 | D:15     | Found a portal to a secret trove of treasure.
 47046 | D:15     | Found a staircase to the Depths.
 47061 | D:15     | Reached skill level 5 in Shields
 47114 | D:15     | Found a runed door.
 47134 | D:15     | Found a runed door.
 47149 | D:15     | Found a runed door.
 47160 | D:15     | Found a runed door.
 47434 | Vaults:1 | Entered Level 1 of the Vaults
 47647 | Orc:2    | Bought a scroll of acquirement for 676 gold pieces
 47648 | Orc:2    | Got a shimmering crystal plate armour
 47649 | Orc:2    | Identified the +9 crystal plate armour "Johoxzeq" {rPois Dex+4} (You acquired it on level 2 of the Orcish Mines)
 47670 | Orc:2    | Upgraded the game from 0.19-a0-14-gde87d98 to 0.19-a0-27-g415f530
 47670 | Orc:2    | Bought a scroll of enchant weapon for 97 gold pieces
 47848 | Depths:1 | Entered Level 1 of the Depths
 48117 | Depths:1 | Received a gift from Okawaru
 48298 | Depths:1 | Received a gift from Okawaru
 48979 | Depths:1 | Noticed a juggernaut
 49250 | Depths:1 | Reached skill level 10 in Shields
 49409 | Depths:1 | Found a gateway to a ziggurat.
 49571 | Depths:2 | Received a gift from Okawaru
 50064 | Depths:2 | Received a gift from Okawaru
 50147 | Depths:2 | Reached XP level 20. HP: 163/163 MP: 26/26
 50356 | Depths:2 | Received a gift from Okawaru
 51003 | Depths:2 | Noticed a golden dragon
 51181 | Depths:2 | Killed a golden dragon
 51549 | Depths:2 | Received a gift from Okawaru
 51670 | D:14     | Bought a scroll of enchant armour for 210 gold pieces
 52799 | Vaults:1 | Received a gift from Okawaru
 52813 | Vaults:1 | Reached skill level 15 in Shields
 52960 | Vaults:1 | Reached XP level 21. HP: 170/170 MP: 27/27
 53346 | Vaults:1 | Found Fiuforph's Magic Scroll Shoppe.
 53349 | Vaults:1 | Bought a scroll of enchant armour for 90 gold pieces
 53646 | D:15     | You paid a toll of a +2 gold dragon armour to enter a treasure trove
 53647 | Trove    | Entered a treasure trove
 54581 | Vaults:2 | Found Opaxzuziop's Book Boutique.
 54848 | Vaults:2 | Noticed Wiglaf
 54860 | Vaults:2 | Killed Wiglaf
 55289 | Vaults:2 | Received a gift from Okawaru
 55345 | Vaults:2 | Received a gift from Okawaru
 55723 | Vaults:2 | Got a slimy arbalest
 55828 | Vaults:2 | Received a gift from Okawaru
 56050 | Vaults:2 | Found Axzux's Book Shop.
 56210 | Vaults:3 | Received a gift from Okawaru
 56322 | Vaults:3 | Got a crude glass ring
 56324 | Vaults:3 | Identified the ring "Zesidig" {rElec MR+ MP+9 Stlth+} (You found it on level 3 of the Vaults)
 56532 | Vaults:3 | Reached skill level 15 in Fighting
 56662 | Vaults:3 | Found Luzeliq's Food Shop.
 56669 | Vaults:3 | Reached skill level 21 in Slings
 57040 | Vaults:3 | Received a gift from Okawaru
 57048 | Vaults:3 | Reached XP level 22. HP: 194/194 MP: 28/28
 57059 | Vaults:3 | Got a pair of pitted boots {god gift}
 57065 | Vaults:3 | Identified the +2 pair of boots of Suzubif {+Blink rC- rCorr Int+4} (Okawaru gifted it to you on level 3 of the Vaults)
 57969 | Vaults:3 | Found a staircase to the Crypt.
 57969 | Vaults:3 | Found an ancient bone altar of Kikubaaqudgha.
 57970 | Vaults:3 | Found a basalt altar of Yredelemnul.
 58786 | Vaults:4 | Found Fenatuc's General Store.
 58802 | Vaults:4 | Bought 7 stones for 9 gold pieces
 59718 | Elf:1    | Entered Level 1 of the Elven Halls
 60501 | Elf:1    | Identified the Guide on Sinister Arts
 60504 | Elf:1    | Learned a level 1 spell: Animate Skeleton
 61093 | Elf:2    | Reached skill level 22 in Slings
 61434 | Elf:2    | Learned a level 1 spell: Apportation
 61649 | Elf:2    | Found a runed gate.
 61649 | Elf:2    | Found a runed gate.
 61649 | Elf:2    | Found a runed gate.
 61696 | Elf:3    | Entered Level 3 of the Elven Halls
 61801 | Elf:3    | Received a gift from Okawaru
 61889 | Elf:3    | Received a gift from Okawaru
 62407 | Elf:3    | Received a gift from Okawaru
 62595 | Elf:3    | Received a gift from Okawaru
 62598 | Elf:3    | Got a fine hunting sling {god gift}
 62599 | Elf:3    | Identified the +10 hunting sling of Plunder {flame, +Blink Str+4 Int+6} (Okawaru gifted it to you on level 3 of the Elven Halls)
 62604 | Elf:3    | Got a smoking ring mail
 62606 | Elf:3    | Identified the +5 ring mail of the Lonely Places {rElec Str+6 Dex-4} (You took it off a deep elf blademaster on level 3 of the Elven Halls)
 62646 | Elf:3    | Reached XP level 23. HP: 134/206 MP: 29/29
 63139 | Elf:3    | Reached skill level 23 in Slings
 63192 | Elf:3    | Received a gift from Okawaru
 63283 | Elf:3    | Got a faintly glowing hunting sling {god gift}
 63284 | Elf:3    | Identified the +5 hunting sling "Lemopull" {freeze, Str+2 Int+6} (Okawaru gifted it to you on level 3 of the Elven Halls)
 63296 | Elf:3    | Got a brightly glowing scale mail
 63297 | Elf:3    | Identified the +4 scale mail of Vlad {rElec rCorr} (You took it off a deep elf blademaster on level 3 of the Elven Halls)
 63480 | Elf:3    | Identified Delumpe's Catalogue of Fetching Ice
 63514 | Elf:3    | Identified Fuwulo Syfegh's Compendium of Necromancy and Clay
 65133 | Depths:2 | Got a fine fire dragon armour
 65134 | Depths:2 | Identified the cursed +1 fire dragon armour of Fusaatyi {rF++ rC- Str+3} (You took it off a tengu warrior on level 2 of the Depths)
 65234 | Depths:2 | Received a gift from Okawaru
 65279 | Depths:2 | Found a runed door.
 65780 | Depths:2 | Reached skill level 24 in Slings
 66386 | Depths:3 | Received a gift from Okawaru
 66489 | Depths:3 | Received a gift from Okawaru
 66574 | Depths:3 | Reached XP level 24. HP: 214/214 MP: 29/29
 66577 | Depths:3 | Received a gift from Okawaru
 66646 | Depths:3 | Found a gateway to Hell.
 66742 | Depths:3 | Received a gift from Okawaru
 66957 | Depths:3 | Received a gift from Okawaru
 66961 | Depths:3 | Got an ancient greatsling {god gift}
 66962 | Depths:3 | Identified the +8 greatsling of Fury {flame, Str+2} (Okawaru gifted it to you on level 3 of the Depths)
 67195 | Depths:3 | Reached skill level 25 in Slings
 68086 | Depths:4 | Found Teul's Distillery.
 68102 | Depths:4 | Bought a potion of heal wounds for 85 gold pieces
 68102 | Depths:4 | Bought a potion of heal wounds for 85 gold pieces
 68102 | Depths:4 | Bought a potion of invisibility for 136 gold pieces
 68482 | Depths:4 | Received a gift from Okawaru
 68571 | Depths:4 | Received a gift from Okawaru
 68686 | Depths:4 | Noticed a juggernaut
 68735 | Depths:5 | Entered Level 5 of the Depths
 68847 | Depths:5 | Received a gift from Okawaru
 68896 | Depths:5 | Reached skill level 26 in Slings
 69349 | Depths:5 | Received a gift from Okawaru
 69372 | Depths:5 | Reached XP level 25. HP: 154/221 MP: 29/29
 69447 | Depths:5 | Found a gate to the Realm of Zot.
 69463 | Depths:5 | Received a gift from Okawaru
 69770 | Depths:5 | Got a slimy chain mail
 69771 | Depths:5 | Identified the +4 chain mail of the Lizard {+Fly MR+ Int+3 Stlth-} (You found it on level 5 of the Depths)
 70206 | Vaults:5 | Entered Level 5 of the Vaults
 70660 | Vaults:4 | Reached skill level 27 in Slings
 70951 | Vaults:5 | Received a gift from Okawaru
 71696 | Vaults:5 | Reached XP level 26. HP: 232/232 MP: 29/29
 72251 | Vaults:5 | Got a faintly glowing helmet
 72252 | Vaults:5 | Identified the +2 helmet of Bitterness {+Blink Str+5} (You found it on level 5 of the Vaults)
 72432 | Vaults:5 | Found Cenean's Antique Armour Shop.
 72438 | Vaults:5 | Bought a pair of embroidered boots for 144 gold pieces
 72455 | Vaults:5 | Identified the Reference Book on Torrid Black Rites
 72504 | Vaults:5 | Got a brightly glowing copper ring
 72505 | Vaults:5 | Identified the ring "Lehynu" {rElec Str+7 Int-3 SInv} (You took it off a vault warden on level 5 of the Vaults)
 72530 | Vaults:5 | Got a faintly glowing tin ring
 72637 | Vaults:5 | Identified the ring "Tocelar" {rN++ Slay+3} (You took it off a yaktaur on level 5 of the Vaults)
 72843 | Vaults:5 | Got a silver rune of Zot
 73245 | Vaults:5 | Got a pitted scale mail
 73631 | Vaults:2 | Received a gift from Okawaru
 73634 | Vaults:2 | Got a faintly glowing greatsling {god gift}
 73649 | Vaults:2 | Identified the +1 greatsling of Gallantry {freeze, Dex+2} (Okawaru gifted it to you on level 2 of the Vaults)
 73710 | Vaults:1 | Bought a scroll of identify for 24 gold pieces
 73710 | Vaults:1 | Bought a scroll of identify for 24 gold pieces
 73710 | Vaults:1 | Bought a scroll of identify for 24 gold pieces
 73710 | Vaults:1 | Bought a scroll of recharging for 114 gold pieces
 73710 | Vaults:1 | Identified the +3 scale mail "Mathry" {MR++} (You found it on level 5 of the Vaults)
 73977 | Zot:1    | Entered Level 1 of the Realm of Zot
 75203 | Zot:2    | Received a gift from Okawaru
 75388 | Zot:2    | Received a gift from Okawaru
 76001 | Zot:2    | Received a gift from Okawaru
 76149 | Zot:2    | Received a gift from Okawaru
 76349 | Zot:2    | Reached XP level 27. HP: 223/241 MP: 29/29
 76844 | Zot:3    | Received a gift from Okawaru
 77292 | Zot:3    | Received a gift from Okawaru
 77537 | Zot:3    | Reached skill level 15 in Dodging
 78494 | Zot:5    | Entered Level 5 of the Realm of Zot
 78573 | Zot:5    | Noticed an orb of fire
 78586 | Zot:5    | Killed an orb of fire
 79257 | Zot:4    | Received a gift from Okawaru
 79865 | Zot:5    | Noticed an ancient lich
 79892 | Zot:5    | Received a gift from Okawaru
 79930 | Zot:5    | Noticed an orb of fire
 79941 | Zot:5    | Killed an ancient lich
 79944 | Zot:5    | Noticed an ancient lich
 79970 | Zot:5    | Killed an orb of fire
 79973 | Zot:5    | Noticed an ancient lich
 79992 | Zot:5    | Killed an ancient lich
 79992 | Zot:5    | Received a gift from Okawaru
 80000 | Zot:5    | Killed an ancient lich
 80116 | Zot:5    | Noticed an ancient lich
 80127 | Zot:5    | Killed an ancient lich
 80127 | Zot:5    | Received a gift from Okawaru
 80311 | Zot:5    | Noticed an orb of fire
 80311 | Zot:5    | Got the Orb of Zot
 80317 | Zot:5    | Noticed Jizo the pandemonium lord
 80353 | Zot:4    | Noticed Lenenydd the pandemonium lord
 80672 | D:10     | Noticed Kin Rydd the pandemonium lord
 80981 | D:$      | Escaped with the Orb!

Vault maps used:
D:1:      sevenhm_arrival_forest_fort_small_2
D:2:      minitemple, tso_metal_star
D:3:      lemuel_zombie_altar_kikubaaqudgha, first_bread
D:4:      grunt_temple_overflow_open, kennysheep_generic_room_9, uniq_natasha
D:5:      wad_river_or_something, okawaru_metal_pillars_1_2, uniq_eustachio,
          uniq_edmund
D:6:      uniq_duvessa
D:7:      minmay_temple_entry_glassed_door, uniq_joseph
D:8:      wad_cavern_with_rooms, minivault_27
D:9:      orc_0_dummy
D:10:     dpeg_oklobed_lair
D:13:     serial_undead, serial_undead_b, serial_undead_c, serial_undead_c,
          serial_undead_d, serial_undead_f, serial_undead_f, serial_undead_b,
          serial_undead_a, serial_undead_e, serial_undead_e
D:14:     grunt_vaults_entry_fortified, serial_shops, kennysheep_mini,
          kennysheep_little_box, shop, kennysheep_mini_moat,
          nicolae_gozag_seed_capital
D:15:     hangedman_depths_entry_try_elsewhere_first,
          nicolae_trove_entry_free_sample, minmay_statue_crystal_thing
Lair:1:   minmay_holes, patterned_corridor
Lair:2:   grunt_megastairs_5
Lair:3:   basic_altar, uniq_snorg, uniq_maud, uniq_harold, uniq_urug
Lair:4:   swamp_mist, dummy_spider_entry, serial_bayou_lagoon_a,
          grunt_megastairs_1, infiniplex_staircase_pool_2
Lair:5:   tgw_fedhas
Lair:6:   basic_altar, grunt_megastairs_2
Lair:7:   slime_altar_1, hangedman_lair_unloving_vines, st_stairs_13,
          uniq_nessos
Lair:8:   minmay_lair_end_enchanted_forest, bobbens_dragon_lair_wall,
          lemuel_fruit_tree
Swamp:1:  serial_swamp_ruin, evilmike_swamp_ruin_wall,
          evilmike_swamp_ruin_house_4, uniq_kirke
Swamp:2:  evilmike_swamp_ruin_house_2, swamp_pool2
Swamp:3:  evilmike_swamp_ruin_house_6, uniq_aizul
Swamp:4:  swamp, uniq_jorgrun
Spider:2: spiders_nest_spider_trap
Spider:3: nicolae_spider_mines_1
Spider:4: guppyfry_spider_rune, guppyfry_spider_mini_2, uniq_roxanne
Orc:1:    elves_outpost_lemuel, uniq_fannar
Orc:2:    pf_orc_diabolical, lab_entry_generic
Elf:1:    minmay_elf_necromancy, einodemon_crawler_minivault
Elf:2:    nooodl_food_tri
Elf:3:    minmay_elf_hall_x
Vaults:1: v_misc_12, nicolae_vaults_twisting_passages,
          grunt_vaults_hallway_long, v_misc_30, hangedman_vaults_slice,
          nicolae_vaults_mini_display_case, nicolae_vaults_border_crossing,
          nicolae_vaults_little_squares_4, v_misc_8,
          nicolae_vaults_little_squares_4, vaults_dpeg_hooks, serial_shops,
          nicolae_shop_behind_doors
Vaults:2: hangedman_vaults_river_flow, nicolae_vaults_theta,
          hangedman_vaults_slither, v_alt_pattern_1,
          nicolae_vaults_yaktaur_gun_rack, v_pattern_1, nicolae_vaults_arrows,
          vaults_room_fours, vaults_room_pool, nicolae_vaults_rhombus_7,
          serial_shops, shop, shop, uniq_wiglaf
Vaults:3: vaults_room_grunt_arrival_ludios, vaults_dpeg_doors,
          nicolae_vaults_little_squares_4, minmay_crypt_entry_necro_gods,
          nicolae_vaults_alarming, nicolae_vaults_little_ls,
          ontoclasm_vaults_fault, serial_shops, shop
Vaults:4: v_misc_22, v_misc_15, serial_ice_m, hangedman_vaults_locks,
          nicolae_vaults_ring_of_whatevers, ontoclasm_vaults_claustrophobia,
          vaults_dpeg_diagonal, nicolae_vaults_windows_and_doors_thing,
          grunt_vaults_diagonal, v_misc_16, ontoclasm_vaults_bender,
          vaults_room_corners, nicolae_vaults_little_squares_1,
          hangedman_vaults_cutoff, v_misc_15, serial_shops,
          nicolae_shop_temple_entry_statues_fountains
Vaults:5: serial_shops
Depths:1: lemuel_traditional_vault, enter_ziggurat_d, grunt_pan_entry_sceptre,
          hangedman_decor_push, pf_hell_entry_tar_spiral, st_stairs_4,
          minmay_orc_keep
Depths:2: box_level_dp, abyss_entry, serial_shops, hell_entry
Depths:3: lemuel_castle_with_subvaults, minmay_misc_feat_ornament,
          rand_demon_pan_entry_3, hell_entry, uniq_sojobo
Depths:4: minmay_expanding_squares, abyss_entry_flame_altar, dk_noncrumbling_3,
          special_room, hell_entry, rand_demon_pan_entry_7, serial_shops,
          shop_fountains, hangedman_decor_lopped, kennysheep_generic_room_12
Depths:5: grunt_zot_entry_bicorn, hell_entry, serial_column_ruins,
          column_ruins_corridor_plus, column_ruins_open_tiny,
          column_ruins_open_large, column_ruins_corridor_dead_end,
          column_ruins_open_tiny, minmay_misc_feat_x
Zot:2:    grunt_megastairs_3, basic_stair_grate_trap
Lab:      labyrinth_hidden_loot, nicolae_lab_grate_2, nicolae_lab_flowing_pool,
          nicolae_lab_lava, labyrinth_lava_lair, nicolae_lab_x
Trove:    trove_wands_scrolls

Skill      XL: |  1  2  3  4  5  6  7  8  9 10 11 12 13 14 15 16 17 18 19 20 21 22 23 24 25 26 27 |
---------------+----------------------------------------------------------------------------------+-----
Slings         | 4 5 6 7 8 10 12 14 16 18 20 21 22 24 26 27 | 27.0
Armour         | 1 8 10 11 12 13 | 13.8
Fighting       | 7 10 15 17 18 19 23 | 23.2
Dodging        | 5 10 11 12 14 18 | 18.3
Stealth        | 4 8 |  8.3
Invocations    | 4 9 |  9.6
Evocations     | 5 10 | 10.0
Shields        | 3 11 15 | 15.1

Action                   |  1- 3 |  4- 6 |  7- 9 | 10-12 | 13-15 | 16-18 | 19-21 | 22-24 | 25-27 || total
-------------------------+-------+-------+-------+-------+-------+-------+-------+-------+-------++-------
Melee: Short sword       |   117 |   180 |     2 |       |       |       |       |       |       ||   299
       Rapier            |       |       |   515 |   404 |    87 |       |       |       |       ||  1006
       Whip              |       |       |       |       |    77 |       |       |       |       ||    77
       Hunting sling     |       |       |       |       |     1 |       |       |       |       ||     1
 Fire: Hunting sling     |    55 |    83 |   149 |   579 |   111 |  2951 |       |   392 |       ||  4320
       Greatsling        |       |       |       |   123 |  1384 |   197 |  2091 |  2040 |  2337 ||  8172
Throw: Stone             |       |       |     1 |       |       |       |       |       |       ||     1
Invok: Heroism           |       |       |       |       |     3 |    19 |    18 |    10 |    15 ||    65
       Finesse           |       |       |       |       |       |    18 |    16 |    15 |    20 ||    69
 Abil: Evoke Invisibilit |       |       |       |       |       |     2 |       |       |       ||     2
Evoke: Wand              |       |       |     4 |     2 |     8 |     3 |     1 |     3 |     6 ||    27
       Phial of floods   |       |       |       |       |       |       |     1 |       |       ||     1
       Lamp of fire      |       |       |       |       |       |       |       |       |     1 ||     1
  Use: Scroll            |     1 |     5 |     8 |    19 |    18 |    11 |    13 |    11 |    24 ||   110
       Potion            |       |     1 |     2 |       |     9 |     9 |     1 |       |     9 ||    31
 Stab: Invisible         |       |       |     2 |       |       |       |       |       |       ||     2
  Eat: Chunk             |    17 |    34 |    56 |   168 |   204 |   248 |   212 |   187 |   123 ||  1249
       Meat ration       |       |       |       |       |       |     1 |       |       |       ||     1
Armor: Leather armour    |    90 |    32 |       |       |       |       |       |       |       ||   122
       Ring mail         |       |    79 |   247 |   162 |   302 |   435 |   104 |   114 |   243 ||  1686
Dodge: Dodged            |   123 |   126 |   247 |   340 |   544 |  1215 |   407 |   314 |   530 ||  3846
Block: Buckler           |       |    32 |    68 |    76 |   116 |   184 |       |       |       ||   476
       Shield            |       |       |       |       |       |    95 |   399 |   496 |  1140 ||  2130
       Reflection        |       |       |       |       |       |       |       |    35 |    62 ||    97
